 Dungeon Crawl Stone Soup version 0.24-a0-584-g9d6b971 (webtiles) character file.

Game seed: 2405154561996949381, levelgen mode: deterministic

287 Firecrotchwizard the Shield-Bearer (level 6, -1/53 HPs)
             Began as a Gnoll Fighter on Aug 31, 2019.
             Slain by a bullfrog (4 damage)
             ... in a sewer.
             The game lasted 00:05:28 (2171 turns).

Firecrotchwizard the Shield-Bearer (Gnoll Fighter)  Turns: 2171, Time: 00:05:29

Health: -1/53      AC:  7    Str: 24    XL:     6   Next: 30%
Magic:  8/8        EV:  6    Int: 12    God:
Gold:   181        SH: 11    Dex: 14    Spells: 8/8 levels left

rFire    . . .     SeeInvis .   a - +0 long sword
rCold    . . .     Gourm    .   c - +0 shield
rNeg     . . .     Faith    .   b - +0 scale mail
rPois    .         Spirit   .   (no helmet)
rElec    .         Reflect  .   (no cloak)
rCorr    .         Harm     .   (no gloves)
MR       .....                  (no boots)
Stlth    +.........             (no amulet)
HPRegen  0.17/turn              (no ring)
MPRegen  0.11/turn              (no ring)

@: mighty, constricted
A: distributed training, fangs 1, strong nose
a: no special abilities


You were in a sewer.
You were not hungry.

You visited 1 branch of the dungeon, and saw 3 of its levels.
You also visited: Sewer.

You collected 181 gold pieces.

Inventory:

Hand Weapons
 a - a +0 long sword (weapon)
Armour
 b - a +0 scale mail (worn)
 c - a +0 shield (worn)
Scrolls
 g - 2 scrolls of identify {unknown}
 h - 4 scrolls of fog {unknown}
 i - a scroll of enchant armour {unknown}
 l - 2 scrolls of teleportation {unknown}
 n - 2 scrolls of magic mapping {unknown}
Potions
 d - a potion of might
 e - a potion of flight {unknown}
 j - a potion of magic {unknown}
 m - a potion of ambrosia {unknown}
 o - a potion of heal wounds {unknown}
 p - a potion of berserk rage {unknown}
 q - a potion of mutation {unknown}
 r - 2 potions of haste {unknown}
 s - a potion of curing
Comestibles
 f - 3 rations
 k - 7 chunks of flesh {@w0}


   Skills:
 + Level 6.8 Fighting
 + Level 1.8 Short Blades
 + Level 4.9 Long Blades
 + Level 1.8 Axes
 + Level 1.8 Maces & Flails
 + Level 1.8 Polearms
 + Level 1.8 Staves
 + Level 1.8 Slings
 + Level 1.8 Bows
 + Level 1.8 Crossbows
 + Level 1.8 Throwing
 + Level 6.8 Armour
 + Level 1.8 Dodging
 + Level 1.8 Stealth
 + Level 6.8 Shields
 + Level 1.8 Unarmed Combat
 + Level 1.8 Spellcasting
 + Level 1.4 Conjurations
 + Level 1.4 Hexes
 + Level 1.4 Charms
 + Level 1.4 Summonings
 + Level 1.4 Necromancy
 + Level 1.4 Translocations
 + Level 1.4 Transmutations
 + Level 1.4 Fire Magic
 + Level 1.4 Ice Magic
 + Level 1.4 Air Magic
 + Level 1.4 Earth Magic
 + Level 1.4 Poison Magic
 + Level 2.0 Invocations
 + Level 1.8 Evocations


You had 8 spell levels left.
You didn't know any spells.
Your spell library was empty.

Dungeon Overview and Level Annotations

Branches:
Dungeon (3/15)              Sewer (1/1)

Altars:


Innate Abilities, Weirdness & Mutations

Your experience applies equally to all skills.
You have very sharp teeth.
Your uncanny sense of smell can sniff out nearby items.


Message History

You closely miss the bullfrog. You block the ball python's attack.
You block the adder's attack. The bullfrog barely misses you.
The bullfrog hits you but does no damage.
The ball python barely misses you.
You riposte.
You closely miss the ball python. Your bite misses the ball python.
The ball python constricts you.
The ball python bites you but does no damage.
You feel very mighty all of a sudden.
The bullfrog hits you but does no damage.
The bullfrog hits you. The adder bites you but does no damage.
The ball python bites you. The ball python constricts you.
You block the ball python's attack. The bullfrog hits you. x2
The adder barely misses you.
You take 11 damage, and have 27/53 hp.
MASSIVE DAMAGE!!
You closely miss the bullfrog. You bite the bullfrog.
The ball python barely misses you. The ball python constricts you.
The bullfrog barely misses you.
The bullfrog hits you but does no damage.
The ball python closely misses you. The adder bites you but does no damage.
You block the ball python's attack. The ball python constricts you.
You block the bullfrog's attack. The bullfrog hits you.
You take 2 damage, and have 25/53 hp.
You slash the bullfrog! Your bite misses the bullfrog.
You feel sick. You block the adder's attack.
The ball python bites you but does no damage.
The bullfrog hits you but does no damage.
The bullfrog hits you. You block the ball python's attack.
The ball python constricts you. You block the ball python's attack.
The adder bites you.
You take 3 damage, and have 22/53 hp.
You slice the bullfrog!!
You kill the bullfrog!
Your Invocations skill increases to level 2!
The bullfrog hits you. You block the ball python's attack.
The ball python constricts you. The adder bites you but does no damage.
The ball python barely misses you. You block the bullfrog's attack.
You block the ball python's attack. The ball python constricts you.
You take 5 damage, and have 17/53 hp.
You closely miss the bullfrog. The adder barely misses you.
The bullfrog hits you.
* * * LOW HITPOINT WARNING * * *
You block the frilled lizard's attack.
The ball python bites you but does no damage. x2
The ball python constricts you. You block the bullfrog's attack.
The adder bites you.
* * * LOW HITPOINT WARNING * * *
You block the frilled lizard's attack.
The ball python bites you but does no damage.
You take 5 damage, and have 12/53 hp.
You barely miss the bullfrog.
You feel sick. The bullfrog hits you.
* * * LOW HITPOINT WARNING * * *
The adder bites you but does no damage. You block the ball python's attack.
The ball python constricts you. The ball python barely misses you.
The frilled lizard bites you.
* * * LOW HITPOINT WARNING * * *
The bullfrog barely misses you. The adder barely misses you.
You take 4 damage, and have 8/53 hp.
You barely miss the bullfrog.
The ball python bites you but does no damage.
The ball python constricts you. The ball python bites you.
* * * LOW HITPOINT WARNING * * *
The bullfrog hits you.
* * * LOW HITPOINT WARNING * * *
The adder completely misses you. The frilled lizard bites you.
* * * LOW HITPOINT WARNING * * *
You block the ball python's attack. The ball python constricts you.
You block the bullfrog's attack. You block the ball python's attack.
You take 4 damage, and have 4/53 hp.
You slash the bullfrog! The adder bites you but does no damage.
You block the bullfrog's attack.
The ball python bites you but does no damage.
The ball python constricts you. You block the frilled lizard's attack.
The ball python completely misses you. You block the adder's attack.
The bullfrog hits you but does no damage.
You hit the bullfrog.
You feel sick.
You are no longer poisoned.
The ball python bites you but does no damage.
The ball python constricts you. The frilled lizard bites you.
* * * LOW HITPOINT WARNING * * *
The ball python bites you but does no damage.
You block the bullfrog's attack. The adder bites you but does no damage.
The ball python barely misses you. The ball python constricts you.
The ball python bites you but does no damage.
You block the frilled lizard's attack.
You take 3 damage, and have 1/53 hp.
It was a potion of curing.
You feel better. You block the bullfrog's attack. You block the adder's attack.
The ball python bites you but does no damage.
* * * LOW HITPOINT WARNING * * *
The ball python constricts you. The bullfrog hits you!
* * * LOW HITPOINT WARNING * * *
The ball python barely misses you.
You riposte.
You slash the ball python!
You kill the ball python!
The ooze jiggles.
The adder bites you but does no damage. The frilled lizard bites you.
* * * LOW HITPOINT WARNING * * *
Okay, then.
You closely miss the bullfrog. The bullfrog hits you.
You die...

####################
..≈≈≈≈≈≈≈S≈≈≈≈≈≈≈..###
..≈≈≈≈≈JS@≈#≈≈≈≈≈≈...##
..≈≈≈≈J≈lF#≈≈≈≈≈≈≈....#
J.#≈≈≈≈≈≈≈≈≈≈≈≈≈≈.....#
.S≈≈≈≈≈≈≈≈≈≈≈≈≈≈≈≈....##
..≈≈≈≈≈≈≈≈≈≈≈≈≈≈≈......#
###################....#
∆∆∆ ####...## ∆ ∆
#..#....# ∆∆∆ #..'....#


You could see a bullfrog, 2 oozes, an adder, a ball python and a frilled lizard.

Vanquished Creatures
  A bullfrog (Sewer)
  An orc wizard (D:3)
  5 adders
  4 river rats (Sewer)
  4 worms
  2 dart slugs
  A leopard gecko (D:1)
  3 orcs (D:3)
  14 goblins
  6 hobgoblins
  7 jackals (D:2)
  11 kobolds
  11 ball pythons (Sewer)
  4 bats
  2 frilled lizards
  33 rats
109 creatures vanquished.

Notes
Turn   | Place    | Note
-------+----------+-------------------------------------------
     0 | D:1      | Firecrotchwizard the Gnoll Fighter began the quest for the
                  | Orb.
     0 | D:1      | Reached XP level 1. HP: 23/23 MP: 1/1
    79 | D:1      | Reached XP level 2. HP: 27/29 MP: 2/2
   303 | D:1      | Reached XP level 3. HP: 34/35 MP: 3/3
   823 | D:2      | Reached skill level 1 in Invocations
   839 | D:2      | Reached skill level 1 in Short Blades
   839 | D:2      | Reached skill level 1 in Axes
   839 | D:2      | Reached skill level 1 in Maces & Flails
   839 | D:2      | Reached skill level 1 in Polearms
   839 | D:2      | Reached skill level 1 in Staves
   839 | D:2      | Reached skill level 1 in Slings
   839 | D:2      | Reached skill level 1 in Bows
   839 | D:2      | Reached skill level 1 in Crossbows
   839 | D:2      | Reached skill level 1 in Throwing
   839 | D:2      | Reached skill level 1 in Dodging
   839 | D:2      | Reached skill level 1 in Stealth
   839 | D:2      | Reached skill level 1 in Unarmed Combat
   839 | D:2      | Reached skill level 1 in Spellcasting
   839 | D:2      | Reached skill level 1 in Evocations
   840 | D:2      | Reached XP level 4. HP: 39/41 MP: 5/5
  1343 | D:2      | Reached skill level 1 in Conjurations
  1343 | D:2      | Reached skill level 1 in Hexes
  1343 | D:2      | Reached skill level 1 in Charms
  1343 | D:2      | Reached skill level 1 in Summonings
  1343 | D:2      | Reached skill level 1 in Necromancy
  1343 | D:2      | Reached skill level 1 in Translocations
  1343 | D:2      | Reached skill level 1 in Transmutations
  1343 | D:2      | Reached skill level 1 in Fire Magic
  1343 | D:2      | Reached skill level 1 in Ice Magic
  1343 | D:2      | Reached skill level 1 in Air Magic
  1343 | D:2      | Reached skill level 1 in Earth Magic
  1343 | D:2      | Reached skill level 1 in Poison Magic
  1698 | D:3      | Found a glowing drain.
  1711 | D:3      | Reached XP level 5. HP: 47/47 MP: 5/7
  1754 | Sewer    | Entered a sewer
  2155 | Sewer    | Reached XP level 6. HP: 53/53 MP: 8/8
  2164 | Sewer    | Reached skill level 2 in Invocations
  2165 | Sewer    | HP: 12/53 [adder (3)]
  2167 | Sewer    | HP: 4/53 [frilled lizard (2)]
  2169 | Sewer    | HP: 1/53 [frilled lizard (2)]
  2171 | Sewer    | Slain by a bullfrog

Levels and vault maps discovered:
D:1:      dpeg_arrival_central, layout_loops_ring
D:2:      layout_loops_cross, minmay_small_reverse_x
D:3:      layout_basic, cheibrodos_sewer_entry_bend, minmay_quadrilaterals,
          uniq_robin
Sewer:    sewer_minmay_w

Skill      XL: |  1  2  3  4  5  6 |
---------------+-------------------+-----
Invocations    | 1 2 |  2.0
Short Blades   | 1 |  1.8
Axes           | 1 |  1.8
Maces & Flails | 1 |  1.8
Polearms       | 1 |  1.8
Staves         | 1 |  1.8
Slings         | 1 |  1.8
Bows           | 1 |  1.8
Crossbows      | 1 |  1.8
Throwing       | 1 |  1.8
Dodging        | 1 |  1.8
Stealth        | 1 |  1.8
Unarmed Combat | 1 |  1.8
Spellcasting   | 1 |  1.8
Evocations     | 1 |  1.8
Conjurations   | 1 |  1.4
Hexes          | 1 |  1.4
Charms         | 1 |  1.4
Summonings     | 1 |  1.4
Necromancy     | 1 |  1.4
Translocations | 1 |  1.4
Transmutations | 1 |  1.4
Fire Magic     | 1 |  1.4
Ice Magic      | 1 |  1.4
Air Magic      | 1 |  1.4
Earth Magic    | 1 |  1.4
Poison Magic   | 1 |  1.4
Fighting       | |  6.8
Long Blades    | |  4.9
Armour         | |  6.8
Shields        | |  6.8

Action                   |  1- 3 |  4- 6 || total
-------------------------+-------+-------++-------
Melee: Long sword        |    80 |   227 ||   307
       Bite              |    12 |    19 ||    31
  Use: Potion            |       |     2 ||     2
  Eat: Chunk             |       |     5 ||     5
Armor: Scale mail        |    28 |    93 ||   121
Dodge: Dodged            |    25 |    86 ||   111
Block: Shield            |    43 |   167 ||   210
       Rpst.: Long sword |     8 |    30 ||    38

Table legend:
 A = Non-vault XP
 B = Vault XP
 C = Vault XP percentage of total XP
 D = Non-vault monster count
 E = Vault monster count
 F = Vault count percentage of total count
                 A         B        C        D         E       F
            +---------+---------+-------+---------+---------+-------
      Total |     192 |     218 |  53.2 |      62 |      47 |  43.1
            +---------+---------+-------+---------+---------+-------
        D:1 |      43 |       0 |   0.0 |      25 |       0 |   0.0
        D:2 |      97 |       7 |   6.7 |      31 |       4 |  11.4
        D:3 |      52 |       5 |   8.8 |       6 |       1 |  14.3
      Sewer |       0 |     206 | 100.0 |       0 |      42 | 100.0
            +---------+---------+-------+---------+---------+-------

Levels and vault maps discovered:
D:1:      dpeg_arrival_central, layout_loops_ring
D:2:      layout_loops_cross, minmay_small_reverse_x
D:3:      layout_basic, cheibrodos_sewer_entry_bend, minmay_quadrilaterals,
          uniq_robin
Sewer:    sewer_minmay_w

Table legend:
 A = Turns spent in this place as a percentage of turns spent in the entire game.
 B = Non-inter-level travel turns spent in this place as a percentage of non-inter-level travel turns spent in the entire game.
 C = Inter-level travel turns spent in this place as a percentage of turns spent in this place.
 D = Turns resting spent in this place as a percentage of non-inter-level travel turns spent in this place.
 E = Turns spent auto-exploring this place as a percentage of non-inter-level travel turns spent in this place.
 F = Non-inter-level travel turns spent in this place divided by the number of levels of this place that you've seen.
                   A       B       C       D       E      F
               +-------+-------+-------+-------+-------+----------------------
         Total | 100.0 | 100.0 |   3.0 |  12.1 |  57.5 | 526.5
       Dungeon |  80.8 |  80.2 |   3.7 |   9.7 |  64.6 | 563.0
         Sewer |  19.2 |  19.8 |   0.0 |  21.8 |  28.8 | 417.0
               +-------+-------+-------+-------+-------+----------------------

Table legend:
 A = Kills in this place as a percentage of kills in entire the game.
 B = Kills by you in this place as a percentage of kills by you in the entire game.
 C = Kills by friends in this place as a percentage of kills by friends in the entire game.
 D = Other kills in this place as a percentage of other kills in the entire game.
 E = Experience gained in this place as a percentage of experience gained in the entire game.
 F = Experience gained in this place divided by the number of levels of this place that you have seen.
                   A       B       C       D       E      F
               +-------+-------+-------+-------+-------+----------------------
         Total | 100.0 | 100.0 |   N/A |   N/A | 100.0 | 102.5
       Dungeon |  61.5 |  61.5 |   N/A |   N/A |  49.8 |  68.0
         Sewer |  38.5 |  38.5 |   N/A |   N/A |  50.2 | 206.0
               +-------+-------+-------+-------+-------+----------------------
